 Dungeon Crawl Stone Soup version 0.21.0-24-g2553a33 (console) character file.

353920 removed the Executioner (level 21, -4/195 HPs)
             Began as a Centaur Air Elementalist on Jan 21, 2018.
             Was a High Priest of Trog.
             Killed from afar by a Brimstone Fiend (46 damage)
             ... with damnation
             ... summoned by a deep elf demonologist
             ... on level 3 of the Elven Halls.
             The game lasted 01:30:41 (62608 turns).

removed the Executioner (Centaur Air Elementalist) Turns: 62608, Time: 01:30:42

Health: -4/195     AC: 35    Str: 28    XL:     21   Next: 34%
Magic:  33/33      EV:  9    Int: 19    God:    Trog [*****.]
Gold:   2417       SH:  0    Dex: 11    Spells: 22/23 levels left

rFire    + . .     SeeInvis .   B - +9 battleaxe {drain, rN+ Str+2}
rCold    . . .     Gourm    .   (shield currently unavailable)
rNeg     + . .     Faith    .   I - +3 plate armour {rF+}
rPois    .         Spirit   .   Y - +3 hat of Pondering {ponderous, MR+ MP+10 Int+5}
rElec    +         Reflect  .   x - +0 cloak {MR+}
rCorr    .         Harm     .   V - +0 pair of gloves
MR       +++++                  E - +1 centaur barding {Stlth+}
Stlth    ..........             t - amulet of the Air {Inacc +Fly rElec EV+5 RMsl}
HPRegen  1.42/turn              r - +6 ring of strength
MPRegen  0.23/turn              S - +4 ring of protection

@: regenerating, repel missiles, quick
A: large, hooves 3, deformed body, speed 2, tough skin 3
}: 2/15 runes: decaying, serpentine
a: Berserk, Trog's Hand, Brothers in Arms, Burn Spellbooks, Renounce Religion,
Evoke Flight


You were on level 3 of the Elven Halls.
You worshipped Trog.
Trog was extremely pleased with you.
You were hungry.

You visited 7 branches of the dungeon, and saw 38 of its levels.
You also visited: Bailey, Ice Cave, Volcano and Wizlab.

You collected 4809 gold pieces.
You spent 2392 gold pieces at shops.

Inventory:

Hand Weapons
 a - the +11 war axe of Zeuces {holy, *Drain rPois Str+6}
   (You acquired it on level 7 of the Dungeon)

   It has been blessed by the Shining One to cause great damage to the undead
   and demons.
   It affects your strength (+6).
   It protects you from poison.
   It causes draining when unequipped.
 f - a +3 executioner's axe of chopping
 A - a +0 blowgun
 B - the +9 battleaxe of the Unspeakable One (weapon) {drain, rN+ Str+2}
   (Trog gifted it to you on level 3 of the Swamp)

   A truly terrible weapon, it drains the life of those it strikes.
   It affects your strength (+2).
   It protects you from negative energy.
Missiles
 e - 2 throwing nets (quivered)
 i - 18 curare-tipped needles
Armour
 x - a +0 cloak of magic resistance (worn)
 E - a +1 centaur barding of stealth (worn)
 H - a +2 buckler of cold resistance
 I - a +3 plate armour of fire resistance (worn)
 V - a +0 pair of gloves (worn)
 Y - the +3 hat of Pondering (worn) {ponderous, MR+ MP+10 Int+5}
   (You took it off Gastronok on level 9 of the Dungeon)

   It affects your intelligence (+5).
   It affects your resistance to hostile enchantments.
   It affects your magic capacity (+10).
Jewellery
 m - an uncursed amulet of the gourmand
 o - the ring "Ifuosuo" {rPois SInv}
   (You bought it in a shop on level 3 of the Elven Halls)

   [ring of see invisible]

   It protects you from poison.
   It lets you see invisible.
 r - a +6 ring of strength (left hand)
 t - the amulet of the Air (around neck) {Inacc +Fly rElec EV+5 RMsl}
   (You bought it in a shop on level 3 of the Elven Halls)

   [amulet of inaccuracy]

   It reduces the accuracy of all your attacks.
   It affects your evasion (+5).
   It insulates you from electricity.
   It lets you fly.
   It protects you from missiles.
 C - an uncursed ring of fire
 D - an uncursed ring of protection from fire
 Q - an uncursed ring of protection from magic
 S - a +4 ring of protection (right hand)
 Z - an uncursed ring of resist corrosion
Wands
 g - a wand of paralysis (42)
 v - a wand of acid (18)
 F - a wand of scattershot (11)
 M - a wand of disintegration (35)
 U - a wand of clouds (13)
 W - a wand of iceblast (25)
Scrolls
 h - 2 scrolls of silence
 k - 3 scrolls of fear
 l - 2 scrolls of magic mapping
 n - a scroll of blinking
 s - 15 scrolls of remove curse
 y - 11 scrolls of teleportation
 J - 9 scrolls of identify
 R - 4 scrolls of enchant weapon
 X - 2 scrolls of fog
Potions
 b - 5 potions of berserk rage
 d - 3 potions of resistance
 j - 6 potions of agility
 p - 3 potions of ambrosia
 q - 6 potions of flight
 w - 3 potions of haste
 z - 20 potions of curing
 G - 8 potions of mutation
 K - 5 potions of magic
 L - 5 potions of might
 N - 3 potions of brilliance
 O - 12 potions of heal wounds
 P - a potion of lignification
 T - a potion of invisibility
Comestibles
 c - 47 rations


   Skills:
 + Level 18.7 Fighting
 * Level 23.5 Axes
 + Level 15.0 Armour
 - Level 1.3 Dodging
 - Level 1.1 Stealth
 - Level 1.5 Spellcasting
 - Level 0.8 Conjurations
 - Level 2.6 Air Magic


You had 22 spell levels left.
You knew the following spells:

 Your Spells              Type           Power        Failure   Level  Hunger
a - Shock                 Conj/Air       #...         45%         1    ##.....


Dungeon Overview and Level Annotations

Branches:
Dungeon (15/15)            Temple (0/1) D:5            Lair (6/6) D:11
  Swamp (4/4) Lair:4        Snake (4/4) Lair:2        Slime (0/5) Lair:6
    Orc (2/2) D:10            Elf (3/3) Orc:2        Vaults (4/5) D:14
  Crypt (0/3) Vaults:3     Depths (0/5) D:15

Altars:
Elyvilon
Fedhas
Gozag
Kikubaaqudgha
Nemelex Xobeh
Qazlal
Sif Muna
Trog
Yredelemnul
The Shining One
Beogh

Shops:
D:4 *   D:7 (   D:14 !   Orc:1 [   Orc:2 [(}=(   Elf:1 [   Elf:3 }=}(
Snake:2 (

Portals:
Trove: Elf:3 (give 17 scrolls of identify)

Annotations:
D:15 exclusion: Roxanne, Roxanne
Vaults:1 exclusion: door


Innate Abilities, Weirdness & Mutations

You have hooves in place of feet.
Armour fits poorly on your strangely shaped body.
You cover ground very quickly.
You have extremely tough skin. (AC +3)


Message History

The iceblast engulfs the deep elf high priest.
The deep elf high priest partially resists.
You kill the deep elf high priest!
Trog accepts your kill.
The iceblast engulfs the Brimstone Fiend.
The Brimstone Fiend is frozen!
The Brimstone Fiend is lightly wounded.
The iceblast engulfs the red devil.
The red devil is frozen!
The red devil is almost dead.
You hear a shout! x2
Unknown command.
The deep elf demonologist casts a spell.
You see here an arrow.
The Brimstone Fiend calls on the powers of darkness!
Your body is wracked with pain!
* * * LOW HITPOINT WARNING * * *
You see here an arrow.
The Brimstone Fiend gestures at you.
The sphere of damnation explodes!
The damnation engulfs you!
You die...

## ##.## ####'##
###...###
#(.<....#
#...!...#
+....(..#
#....)).#######
#......)((..)(##
###..(.......@.#
############(##
# #..# ## ##.##
.## #..# ..#
##1## ..# ##)4(#
).# ##).4####
.## ##.)(###.##


You could see a Brimstone Fiend, a rust devil and a red devil.

Vanquished Creatures
  Nikola (Vaults:1)
  A tentacled monstrosity (Swamp:2)
  Rupert (D:12)
  A deep elf blademaster (Elf:3)
  A lich (Vaults:4)
  2 deep elf master archers (Elf:3)
  Gastronok (D:9)
  Donald (Vaults:4)
  2 sphinxes (Vaults:4)
  2 thorn hunters
  2 fire giants
  6 nagarajas (Snake:4)
  2 frost giants
  5 vault wardens
  6 deep elf sorcerers
  Aizul (Vaults:4)
  Louise (D:14)
  5 ironheart preservers
  7 stone giants
  2 very ugly things (Swamp:4)
  A vampire knight (Vaults:3)
  An entropy weaver (Vaults:3)
  5 deep elf demonologists
  Nessos (D:15)
  2 deep elf annihilators (Elf:3)
  An ettin (Vaults:4)
  2 deep elf death magi
  A blizzard demon (IceCv)
  A death ooze (Swamp:4)
  2 green deaths (Swamp:4)
  7 fire dragons
  5 deep elf high priests
  Josephine (Lair:6)
  3 rakshasas
  9 yaktaur captains
  Fannar (Lair:2)
  A hell beast (Swamp:4)
  2 great orbs of eyes (Vaults:2)
  5 ice dragons
  5 vault guards
  18 hydras
  A ghost crab (Swamp:3)
  14 naga warriors
  Harold (Lair:1)
  A catoblepas (D:15)
  14 centaur warriors
  3 alligators
  18 dancing weapons
  11 anacondas
  2 death knights
  A queen ant (Lair:2)
  16 two-headed ogres
  4 ogre magi
  3 death yaks (Lair:4)
  A tengu warrior (D:15)
  A deep troll shaman (Vaults:4)
  3 orc high priests (Orc:2)
  7 shock serpents
  A shock serpent (shapeshifter) (Vaults:4)
  7 naga sharpshooters
  A thrashing horror (Swamp:4)
  9 spriggans
  20 deep elf knights
  Sonja (D:13)
  5 salamander mystics
  10 skeletal warriors
  A shadow wraith (Vaults:4)
  15 sea snakes
  3 deep trolls (Vaults:4)
  2 naga ritualists
  3 glowing orange brains
  3 unseen horrors
  A flayed ghost (Vaults:3)
  21 deep elf archers
  14 ironbrand convokers
  3 spriggan druids (Swamp:4)
  2 wizards
  3 lindwurms
  11 harpies
  3 shambling mangroves
  10 swamp dragons
  24 ugly things
  51 deep elf magi
  3 orc sorcerers
  8 orc knights
  8 mana vipers
  A mana viper (shapeshifter) (Vaults:1)
  2 wolf spiders
  3 manticores
  10 cyclopes
  Maurice (D:11)
  18 salamanders
  12 elephants (Lair:6)
  A salamander (shapeshifter) (D:13)
  14 vault sentinels
  4 orange demons (Swamp:4)
  3 torpor snails (Lair:6)
  31 black mambas
  2 ice statues (IceCv)
  3 molten gargoyles (Elf:1)
  9 naga magi
  5 guardian serpents
  23 spiny frogs
  3 gargoyles
  14 ice devils (IceCv)
  A rime drake (shapeshifter) (Vaults:4)
  5 freezing wraiths
  A guardian mummy (Elf:3)
  31 yaktaurs
  3 kobold demonologists
  An efreet (D:12)
  13 rime drakes
  8 komodo dragons
  An entropy weaver simulacrum (Vaults:1)
  A tengu conjurer (D:15)
  7 trolls
  19 hornets
  3 meliai (D:14)
  3 polar bears
  12 blink frogs
  6 tyrant leeches
  30 slime creatures
  14 bog bodies
  8 hippogriffs
  6 water elementals
  2 tarantellas (Vaults:4)
  A spriggan (shapeshifter) (Vaults:1)
  A human (D:8)
  3 air elementals
  4 vampires
  A redback (Vaults:4)
  A large abomination (Swamp:4)
  A shadow (Swamp:4)
  9 wraiths
  43 yaks
  3 hogs (D:8)
  A basilisk (shapeshifter) (Vaults:1)
  6 basilisks
  2 fire elementals (Elf:2)
  2 hungry ghosts
  12 vampire mosquitoes
  12 insubstantial wisps (Swamp:1)
  9 steam dragons
  2 wargs
  21 swamp worms
  47 nagas
  6 acid dragons
  10 water moccasins
  5 soldier ants (Lair:2)
  A soldier ant (shapeshifter) (Vaults:1)
  19 porcupines
  5 ice beasts
  Purgy (D:3)
  6 swamp drakes
  A hornet zombie (D:8)
  39 orc warriors
  7 sky beasts
  3 black bears
  A black bear (shapeshifter) (Vaults:2)
  A sky beast (shapeshifter) (Vaults:4)
  2 phantoms
  9 wolves
  25 centaurs
  13 ogres
  22 crocodiles
  8 big kobolds
  22 bullfrogs
  2 gnoll sergeants
  2 earth elementals (Elf:1)
  2 wyvern skeletons
  5 scorpions
  A killer bee (shapeshifter) (Vaults:3)
  6 killer bees (D:8)
  An orc simulacrum (Vaults:1)
  13 wights
  5 howler monkeys
  2 electric eels (D:6)
  5 crimson imps
  A quasit (D:11)
  21 orc priests
  7 hounds
  A bullfrog skeleton (D:7)
  7 jellies
  14 orc wizards
  7 centaur skeletons
  12 human skeletons (Vaults:3)
  6 iguanas
  16 worker ants
  A hound skeleton (D:5)
  A worker ant zombie (D:11)
  35 gnolls
  2 howler monkey skeletons
  20 adders
  5 shadow imps
  8 white imps (IceCv)
  6 ufetubi (IceCv)
  8 oozes
  2 adder skeletons
  An adder zombie (D:6)
  3 worms
  4 dart slugs
  5 leopard geckos
  110 orcs
  5 giant cockroaches
  15 hobgoblins
  5 jackals
  41 kobolds
  4 quokkas
  3 ball pythons
  4 bats
  12 frilled lizards
  24 goblins
  A jackal skeleton (D:5)
  A leopard gecko skeleton (D:2)
  9 rats
  4 briar patches (Swamp:2)
  A fire vortex (Elf:1)
  6 plants
1671 creatures vanquished.

Vanquished Creatures (collateral kills)
  A nagaraja (Snake:4)
  A deep elf sorcerer (Elf:3)
  An ironheart preserver (Vaults:4)
  A very ugly thing (Vaults:2)
  A deep elf death mage (Elf:3)
  A hydra (Lair:5)
  A hell beast (Swamp:4)
  3 naga warriors
  An orc high priest (Orc:2)
  3 shock serpents
  A deep elf archer (Elf:3)
  A wizard (Vaults:1)
  2 orc knights (Orc:2)
  2 naga magi (Snake:4)
  A guardian serpent (Snake:2)
  2 torpor snails (Lair:6)
  A spiny frog (Lair:5)
  A yaktaur (Vaults:4)
  A rime drake (Lair:3)
  4 hornets
  3 blink frogs (Lair:1)
  2 tyrant leeches
  A yak (Lair:4)
  6 nagas
  2 porcupines (Lair:5)
  A water moccasin (Lair:5)
  10 orc warriors (Orc:2)
  A bullfrog (Lair:5)
  3 orc priests (Orc:2)
  3 orcs (Orc:2)
62 creatures vanquished.

Vanquished Creatures (others)
  An ogre mage (Vaults:4)
  2 deep elf magi (Elf:2)
  A molten gargoyle (Elf:1)
  A rime drake (Lair:3)
  A white imp (IceCv)
  2 ufetubi (IceCv)
  11 fungi
  30 plants
49 creatures vanquished.

Grand Total: 1782 creatures vanquished

Notes
Turn   | Place    | Note
-------+----------+-------------------------------------------
     0 | D:1      | removed the Centaur Air Elementalist began the quest for the Orb.
     0 | D:1      | Reached XP level 1. HP: 14/14 MP: 3/3
    33 | D:1      | Reached skill level 1 in Fighting
   311 | D:1      | Reached XP level 2. HP: 16/24 MP: 4/4
   762 | D:1      | Reached XP level 3. HP: 30/30 MP: 5/5
   889 | D:1      | Reached skill level 1 in Axes
  1749 | D:2      | Reached skill level 2 in Axes
  1792 | D:2      | Reached XP level 4. HP: 13/37 MP: 6/6
  2324 | D:2      | Found a bloodstained altar of Trog.
  2325 | D:2      | Found an opulent altar of Gozag.
  2524 | D:2      | Became a worshipper of Trog the Wrathful
  2657 | D:3      | Reached skill level 3 in Axes
  2913 | D:3      | Found a basalt altar of Yredelemnul.
  3176 | D:3      | Noticed Purgy
  3453 | D:2      | Reached XP level 5. HP: 41/42 MP: 7/7
  3538 | D:2      | Reached * piety under Trog
  3717 | D:4      | Reached skill level 4 in Axes
  4035 | D:4      | Found Nihoguh's Assorted Antiques.
  4049 | D:4      | Bought a scroll labeled SIELEA LIUKK for 28 gold pieces
  4049 | D:4      | Bought a scroll labeled SIELEA LIUKK for 28 gold pieces
  4049 | D:4      | Bought 2 fuming cyan potions for 50 gold pieces
  4285 | D:4      | Reached XP level 6. HP: 47/50 MP: 5/8
  4286 | D:4      | Reached skill level 5 in Axes
  4834 | D:3      | Killed Purgy
  4834 | D:3      | Reached skill level 1 in Armour
  5002 | D:3      | Reached XP level 7. HP: 56/56 MP: 9/9
  5084 | D:3      | Found a white marble altar of Elyvilon.
  5880 | D:5      | Entered Level 5 of the Dungeon
  5899 | D:5      | Found a staircase to the Ecumenical Temple.
  5909 | D:5      | Reached skill level 6 in Axes
  6041 | D:5      | Reached ** piety under Trog
  6824 | D:5      | Found a deep blue altar of Sif Muna.
  7011 | D:6      | Reached XP level 8. HP: 22/64 MP: 2/10
  7128 | D:6      | Reached skill level 7 in Axes
  7710 | D:6      | Found an ancient bone altar of Kikubaaqudgha.
  7885 | D:6      | Reached *** piety under Trog
  8300 | D:6      | Reached skill level 8 in Axes
  8917 | D:7      | Found a blossoming altar of Fedhas.
  8962 | D:7      | Reached skill level 5 in Fighting
  8962 | D:7      | Reached XP level 9. HP: 61/74 MP: 8/11
  9299 | D:7      | Identified a scroll of acquirement
  9300 | D:7      | Got a smoking war axe
  9302 | D:7      | Identified the +11 war axe of Zeuces {holy, *Drain rPois Str+6} (You acquired it on level 7 of the Dungeon)
  9337 | D:7      | Found a stormy altar of Qazlal.
  9625 | D:7      | Found Ezajaowk's Weapon Shop.
  9957 | D:8      | Reached skill level 9 in Axes
 10124 | D:8      | Reached **** piety under Trog
 10330 | D:8      | Found a sparkling altar of Nemelex Xobeh.
 10786 | D:8      | Reached skill level 5 in Armour
 10786 | D:8      | Reached XP level 10. HP: 84/84 MP: 12/12
 10792 | D:8      | Reached skill level 10 in Axes
 11162 | D:9      | Noticed Gastronok
 11280 | D:9      | Killed Gastronok
 11372 | D:9      | Noticed a two-headed ogre
 11380 | D:9      | Killed a two-headed ogre
 11380 | D:9      | Reached skill level 11 in Axes
 11458 | D:9      | Got a bloodstained scale mail
 11469 | D:9      | Identified the cursed +1 scale mail of Jilatur {rF+ MR+ Dex-4 Slay+2} (You found it on level 9 of the Dungeon)
 11989 | D:10     | Entered Level 10 of the Dungeon
 11998 | D:10     | Got a brightly glowing chain mail
 12010 | D:10     | Identified the +3 chain mail of the Hundredfold Nights {rElec rPois rC- Str+2 Int+3} (You found it on level 10 of the Dungeon)
 12058 | D:10     | Reached XP level 11. HP: 86/94 MP: 13/13
 12098 | D:10     | Found a staircase to the Orcish Mines.
 12174 | D:10     | Reached ***** piety under Trog
 13105 | D:10     | Reached skill level 12 in Axes
 13341 | D:11     | Noticed Maurice
 13353 | D:11     | Killed Maurice
 13404 | D:11     | Found a staircase to the Lair.
 14234 | D:11     | Noticed a two-headed ogre
 14239 | D:11     | Killed a two-headed ogre
 14509 | Lair:1   | Entered Level 1 of the Lair of Beasts
 14587 | Lair:1   | Received a gift from Trog
 14680 | Lair:1   | Reached XP level 12. HP: 85/105 MP: 14/14
 14712 | Lair:1   | Noticed Harold
 14722 | Lair:1   | Killed Harold
 14876 | Lair:1   | Reached skill level 13 in Axes
 15740 | Lair:2   | Reached skill level 10 in Fighting
 15779 | Lair:2   | Noticed a queen ant
 15788 | Lair:2   | Killed a queen ant
 16160 | Lair:2   | Noticed Fannar
 16192 | Lair:2   | Killed Fannar
 16264 | Lair:2   | Found a staircase to the Snake Pit.
 17003 | Lair:3   | Reached skill level 14 in Axes
 17576 | Lair:3   | Reached XP level 13. HP: 114/114 MP: 15/15
 17874 | Lair:3   | Received a gift from Trog
 18764 | Lair:4   | Found a staircase to the Swamp.
 19211 | Lair:4   | Found a dark tunnel.
 19216 | Volcano  | Entered a volcano
 19317 | Volcano  | Got a faintly glowing robe
 19387 | Lair:4   | Reached skill level 15 in Axes
 19598 | Lair:4   | Got an iridescent trident
 20084 | Lair:5   | Paralysed by a hornet for 2 turns
 21050 | Lair:6   | Entered Level 6 of the Lair of Beasts
 21218 | Lair:6   | Reached XP level 14. HP: 125/125 MP: 16/16
 21223 | Lair:6   | Noticed Josephine
 21231 | Lair:6   | Killed Josephine
 21362 | Lair:6   | Found a staircase to the Slime Pits.
 21431 | Lair:6   | Got a pitted spear
 21889 | Lair:6   | Found a runed door.
 22019 | Lair:6   | Reached skill level 16 in Axes
 22196 | Lair:6   | Received a gift from Trog
 23137 | Lair:6   | Reached skill level 10 in Armour
 23384 | Orc:1    | Entered Level 1 of the Orcish Mines
 23481 | Orc:1    | Found Dumenena's Antique Armour Boutique.
 23498 | Orc:1    | Bought a bloodstained helmet for 285 gold pieces
 23508 | Orc:1    | Identified the cursed +0 helmet of Youthful Indiscretion {*Slow rPois MR+ Str+5} (You bought it in a shop on level 1 of the Orcish Mines)
 23520 | Orc:1    | Bought a runed cloak for 225 gold pieces
 23847 | Orc:2    | Entered Level 2 of the Orcish Mines
 23849 | Orc:2    | Found Kiseniu's Antique Armour Shoppe.
 23897 | Orc:2    | Found a staircase to the Elven Halls.
 24524 | Orc:2    | Found a roughly hewn altar of Beogh.
 24600 | Orc:2    | Received a gift from Trog
 24615 | Orc:2    | Received a gift from Trog
 24955 | Orc:2    | HP: 5/127 [orc knight/enchanted great mace (43)]
 25839 | Orc:2    | Found Faweiban's Antique Weapon Shoppe.
 25842 | Orc:2    | Found Vuklum's Gadget Shoppe.
 25843 | Orc:2    | Found Wievvuje's Weapon Shoppe.
 25844 | Orc:2    | Found Qazej's Jewellery Emporium.
 25873 | Orc:2    | Bought an uncursed ring of protection from fire for 300 gold pieces
 25992 | D:12     | Noticed Rupert
 26001 | D:12     | Killed Rupert
 26701 | D:12     | Reached XP level 15. HP: 135/135 MP: 17/17
 26845 | D:12     | Got an encrusted hunting sling
 27119 | D:13     | Noticed Sonja
 27135 | D:13     | Killed Sonja
 27429 | D:13     | Reached skill level 17 in Axes
 27824 | D:13     | Found a glowing golden altar of the Shining One.
 28210 | D:14     | Found Calip's Distillery.
 28217 | D:14     | Bought a potion of heal wounds for 70 gold pieces
 28217 | D:14     | Bought a potion of heal wounds for 70 gold pieces
 28217 | D:14     | Bought a potion of curing for 42 gold pieces
 28217 | D:14     | Bought a potion of might for 56 gold pieces
 28217 | D:14     | Bought a potion of mutation for 112 gold pieces
 28217 | D:14     | Bought a potion of mutation for 112 gold pieces
 28217 | D:14     | Bought a potion of agility for 56 gold pieces
 28254 | D:14     | Noticed Louise
 28280 | D:14     | Killed Louise
 28354 | D:14     | Received a gift from Trog
 28540 | D:14     | Found a flagged portal.
 28642 | Bailey   | Entered a bailey
 29577 | D:14     | Found a gate to the Vaults.
 29828 | D:15     | Entered Level 15 of the Dungeon
 29972 | D:15     | Got an iridescent hand crossbow
 30105 | D:15     | Noticed Roxanne
 30341 | D:15     | Reached skill level 18 in Axes
 30402 | D:15     | Found a staircase to the Depths.
 30645 | D:15     | Reached XP level 16. HP: 97/146 MP: 18/18
 30650 | D:15     | Noticed Nessos
 30664 | D:15     | Killed Nessos
 31284 | Snake:1  | Entered Level 1 of the Snake Pit
 31447 | Snake:1  | Received a gift from Trog
 33479 | Snake:2  | Found Batezu Pey's Antique Weapon Emporium.
 33495 | Snake:2  | Received a gift from Trog
 35076 | Snake:3  | Reached skill level 19 in Axes
 36509 | Snake:3  | Reached skill level 15 in Fighting
 36515 | Snake:4  | Entered Level 4 of the Snake Pit
 36528 | Snake:4  | Reached XP level 17. HP: 148/156 MP: 19/19
 36556 | Snake:3  | HP: 7/156 [poisoned by a black mamba]
 36561 | Snake:3  | HP: 4/156 [poisoned by a black mamba]
 36567 | Snake:3  | HP: 4/156 [poisoned by a black mamba]
 36573 | Snake:3  | HP: 4/156 [poisoned by a black mamba]
 36581 | Snake:3  | HP: 5/156 [poisoned by a black mamba]
 38065 | Snake:4  | Received a gift from Trog
 38720 | Snake:4  | Got a smoking hand axe {god gift}
 39972 | Snake:4  | Got a serpentine rune of Zot
 39979 | Snake:4  | Received a gift from Trog
 40613 | Vaults:1 | Entered Level 1 of the Vaults
 40666 | Vaults:1 | Noticed Nikola
 40681 | Vaults:1 | Killed Nikola
 40681 | Vaults:1 | Reached skill level 20 in Axes
 42367 | Vaults:1 | Reached XP level 18. HP: 157/166 MP: 20/20
 42405 | Vaults:1 | Received a gift from Trog
 43415 | Vaults:2 | Found a magical portal.
 43424 | WizLab   | Entered Iskenderun's Mystic Tower
 45400 | Vaults:2 | Received a gift from Trog
 46017 | Vaults:3 | Reached skill level 21 in Axes
 46207 | Vaults:3 | Received a gift from Trog
 46898 | Vaults:3 | Found a staircase to the Crypt.
 47515 | Vaults:4 | Reached XP level 19. HP: 85/174 MP: 21/21
 48930 | Vaults:4 | Noticed Donald
 48937 | Vaults:4 | Killed Donald
 49464 | Vaults:4 | Received a gift from Trog
 49959 | Vaults:4 | Noticed Aizul
 49977 | Vaults:4 | Killed Aizul
 50442 | Vaults:4 | Reached skill level 22 in Axes
 51098 | Swamp:1  | Entered Level 1 of the Swamp
 52426 | Swamp:2  | Received a gift from Trog
 52995 | Swamp:3  | Reached XP level 20. HP: 153/185 MP: 22/22
 53454 | Swamp:3  | Received a gift from Trog
 53461 | Swamp:3  | Identified the +9 battleaxe of the Unspeakable One {drain, rN+ Str+2} (Trog gifted it to you on level 3 of the Swamp)
 54435 | Swamp:4  | Entered Level 4 of the Swamp
 55370 | Swamp:4  | Got a twisted leather armour
 57574 | Swamp:4  | Got a decaying rune of Zot
 57864 | Elf:1    | Entered Level 1 of the Elven Halls
 57967 | Elf:1    | Received a gift from Trog
 58060 | Elf:1    | Found Teuta's Armour Boutique.
 58777 | Elf:1    | Reached skill level 23 in Axes
 59235 | Elf:2    | Reached ****** piety under Trog
 59484 | Elf:2    | Found a frozen archway.
 59497 | IceCv    | Entered an ice cave
 59697 | IceCv    | Received a gift from Trog
 60443 | Elf:2    | Reached XP level 21. HP: 106/195 MP: 23/23
 60680 | Elf:2    | Found a runed gate.
 60680 | Elf:2    | Found a runed gate.
 60680 | Elf:2    | Found a runed gate.
 61224 | Elf:3    | Entered Level 3 of the Elven Halls
 61246 | Elf:3    | Found Widwitri's Antique Weapon Shop.
 61757 | Elf:3    | Found Yngaisya's Gadget Shoppe.
 61757 | Elf:3    | Found Qoemm's Jewellery Boutique.
 61758 | Elf:3    | Found Emapruc's Gadget Shoppe.
 61771 | Elf:3    | Bought the amulet of the Air {Inacc +Fly rElec EV+5 RMsl} for 618 gold pieces
 61771 | Elf:3    | Found the amulet of the Air {Inacc +Fly rElec EV+5 RMsl}
 61777 | Elf:3    | Bought the ring "Ifuosuo" {rPois SInv} for 340 gold pieces
 61825 | Elf:3    | Found a portal to a secret trove of treasure.
 61978 | Elf:3    | Reached skill level 15 in Armour
 62321 | Elf:3    | Received a gift from Trog
 62377 | Elf:3    | Got a faintly glowing battleaxe {god gift}
 62378 | Elf:3    | Identified the +5 battleaxe "Ypoul" {chop, rPois SInv Stlth+} (Trog gifted it to you on level 3 of the Elven Halls)
 62608 | Elf:3    | Killed from afar by a Brimstone Fiend

Skill      XL: |  1  2  3  4  5  6  7  8  9 10 11 12 13 14 15 16 17 18 19 20 21 |
---------------+----------------------------------------------------------------+-----
Fighting       | 1 2 3 5 6 8 9 10 11 13 14 15 16 17 18 | 18.7
Axes           | 2 3 4 5 6 8 9 11 12 14 15 16 18 19 20 21 22 23 | 23.5
Armour         | 1 2 3 5 6 7 8 9 10 11 12 13 14 15 | 15.0
Dodging        | |  1.3
Stealth        | |  1.1
Spellcasting   | |  1.5
Conjurations   | |  0.8
Air Magic      | |  2.6

Action                   |  1- 3 |  4- 6 |  7- 9 | 10-12 | 13-15 | 16-18 | 19-21 || total
-------------------------+-------+-------+-------+-------+-------+-------+-------++-------
Melee: Unarmed           |    10 |       |       |       |       |       |       ||    10
       Dagger            |    17 |       |       |       |       |       |       ||    17
       Kick              |    22 |    42 |    88 |   128 |   395 |   499 |   416 ||  1590
       Mace              |    15 |       |       |       |       |       |       ||    15
       Hand axe          |    83 |   209 |    64 |       |       |       |       ||   356
       War axe           |       |       |   275 |   471 |  1091 |  1242 |   289 ||  3368
       Battleaxe         |       |       |    41 |       |       |       |  1039 ||  1080
Invok: Burn Spellbooks   |       |     1 |     1 |     2 |       |       |     1 ||     5
       Berserk           |       |     3 |     6 |    10 |    16 |    22 |    11 ||    68
       Trog's Hand       |       |       |     1 |     2 |    12 |     7 |    12 ||    34
       Brothers in Arms  |       |       |       |     1 |    10 |    10 |     6 ||    27
Evoke: Wand              |       |       |     3 |     2 |     7 |     6 |     2 ||    20
  Use: Potion            |       |     3 |     1 |       |     3 |     4 |     3 ||    14
       Scroll            |       |     8 |    11 |     9 |    13 |    10 |    11 ||    62
 Stab: Petrified         |       |       |       |       |     3 |       |       ||     3
       Paralysed         |       |       |       |       |     1 |     2 |       ||     3
       Distracted        |       |       |       |       |       |     1 |     1 ||     2
  Eat: Chunk             |     2 |    11 |    22 |    52 |    69 |    63 |    55 ||   274
       Ration            |       |       |       |       |       |     4 |       ||     4
Armor: Robe              |    28 |    66 |       |       |       |       |       ||    94
       Scale mail        |       |     7 |     8 |    10 |       |       |       ||    25
       Chain mail        |       |       |   116 |       |       |       |       ||   116
       Plate armour      |       |       |    91 |   252 |   828 |   922 |  1029 ||  3122
Dodge: Dodged            |    45 |   123 |    91 |   100 |   202 |   156 |   186 ||   903
       Deflected         |       |       |       |       |       |       |    14 ||    14
